 Dungeon Crawl Stone Soup version 0.31.0-11-ge490571c62 (webtiles) character file.

Game seed: 8154109481527305838

417 sanka the Basher (level 6, -2/52 HPs)
             Began as a Minotaur Fighter on Jan 27, 2024.
             Slain by Dowan
             ... wielding a +2 dagger of speed
              (4 damage)
             ... on level 6 of the Dungeon.
             The game lasted 00:03:55 (3344 turns).

sanka the Basher (Minotaur Fighter)                 Turns: 3344, Time: 00:03:56

Health: -2/52      AC:  6    Str: 20    XL:     6   Next: 61%
Magic:  5/5        EV:  9    Int:  5    God:
Gold:   293        SH:  4    Dex: 12    Spells: 5/5 levels left

rFire   . . .        a - +0 morningstar
rCold   + . .        c - +0 buckler
rNeg    . . .        b - +0 scale mail
rPois   .            (helmet restricted)
rElec   .            (no cloak)
rCorr   .            (no gloves)
SInv    .            (no boots)
Will    .....        (no amulet) Stlth
                     v - ring of protection from cold
HPRegen 0.28/turn    (no ring)
MPRegen 0.09/turn

%: no passive effects
@: no status effects
A: horns 2, retaliatory headbutt
a: no special abilities


You were on level 6 of the Dungeon.
You visited 1 branch of the dungeon, and saw 6 of its levels.

You collected 293 gold pieces.


Innate Abilities, Weirdness & Mutations

You have a pair of horns on your head.
You reflexively headbutt those who attack you in melee.


   Skills:
 - Level 4.0 Fighting
 + Level 8.5 Maces & Flails
 - Level 3.6 Armour
 - Level 3.6 Shields


You had 5 spell levels left.
You didn't know any spells.
Your spell library was empty.

Inventory:

Hand Weapons
 a - a +0 morningstar (weapon)
Armour
 b - a +0 scale mail (worn)
 c - a +0 buckler (worn)
Jewellery
 l - a ring of fire
 v - a ring of protection from cold (left hand)
Talismans
 k - a blade talisman
Wands
 n - a wand of iceblast (6)
 x - a wand of flame (23)
Scrolls
 e - 5 scrolls of identify {unknown}
 h - 2 scrolls of enchant weapon {unknown}
 j - a scroll of revelation {unknown}
 m - a scroll of poison {unknown}
 o - 2 scrolls of teleportation {unknown}
 p - a scroll of immolation {unknown}
 r - a scroll of vulnerability {unknown}
 s - a scroll of blinking {unknown}
 t - a scroll of fog {unknown}
Potions
 d - 5 potions of might
 f - a potion of degeneration {unknown}
 g - a potion of enlightenment {unknown}
 i - a potion of berserk rage {unknown}
 q - 3 potions of curing {unknown}
 u - a potion of magic {unknown}
 w - 2 potions of invisibility {unknown}

Dungeon Overview and Level Annotations

Branches:
Dungeon (6/15)
 Temple: D:4-7

Altars:
Hepliaklqana
Sif Muna

Shops:
D:5 :

Annotations:
D:6 Dowan, Menkaure

▒.......▒......▒
▒..............▒
▒..............▒
▒..............▒
▒..............▒
▒................
▒..............<▒▒
▒▒......e......▒▒
▒▒.....H......▒
▒▒▒▒▒▒).[.▒▒..
......M▒▒▒.....
....e.. ▒.▒.▒
....... ....
....... ...
....... ▒▒ .......
.M.....


You could see Menkaure and Dowan (fast).


Message History

Dowan blinks!
Duvessa hits you with a +0 short sword!
Unknown command.
You hit Duvessa but do no damage.
Duvessa is almost dead.
Dowan hits you with a +2 dagger of speed.
Duvessa hits you with a +0 short sword!
* * * LOW HITPOINT WARNING * * *
Unknown command.
You hit Duvessa but do no damage.
Duvessa is almost dead.
Dowan closely misses you. Duvessa barely misses you.
Dowan hits you with a +2 dagger of speed.
* * * LOW HITPOINT WARNING * * *
Unknown command.
You bludgeon Duvessa!!
You kill Duvessa!
Dowan seems overcome with grief.
Dowan seems to find hidden reserves of power!
Dowan hits you with a +2 dagger of speed!
* * * LOW HITPOINT WARNING * * *
Dowan hits you with a +2 dagger of speed.
* * * LOW HITPOINT WARNING * * *
Menkaure casts a spell at you. Pain shoots through your body!
* * * LOW HITPOINT WARNING * * *
Dowan shakes with grief.
Dowan hits you with a +2 dagger of speed.
You die...

Action                     |  1- 3 |  4- 6 || total
---------------------------+-------+-------++-------
  Melee: Flail             |    84 |    27 ||   111
         Headbutt          |    14 |    16 ||    30
         Morningstar       |       |    84 ||    84
 Armour: Scale mail        |    55 |    87 ||   142
  Dodge: Dodged            |    34 |    55 ||    89
  Block: Buckler           |     8 |    21 ||    29

Levels and vault maps discovered:
D:1:      lightli_arrival_flooded_house, layout_rooms, grunt_decor_one_mirror,
          nicolae_twisty_statue_hallways
D:2:      layout_loops_ring, hellmonk_ecumenical_altar_arch_garden,
          serial_forest, infiniplex_forest_split,
          infiniplex_forest_clump_curved, infiniplex_forest_lined_3,
          infiniplex_forest_lined_3, infiniplex_forest_fountain,
          grunt_decor_resistance
D:3:      layout_loops_ring, nicolae_sif_muna_condensation, hex_medium,
          minivault_26
D:4:      cheibrodos_greedy_goblins, layout_cave_pools
D:5:      layout_gridville, mainiacjoe_overflow_alcove_4, serial_shops,
          nicolae_shop_tiny_glass, nicolae_elevator_lobby_asterisk
D:6:      layout_rooms, amcnicky_altar_gilded, uniq_crazy_yiuf_cottage,
          uniq_duvessa, uniq_menkaure

Notes
Turn   | Place    | Note
-------+----------+-------------------------------------------
     0 | D:1      | sanka the Minotaur Fighter began the quest for the Orb.
     0 | D:1      | Reached XP level 1. HP: 19/19 MP: 0/0
   144 | D:1      | Reached skill level 4 in Fighting
   144 | D:1      | Reached skill level 3 in Maces & Flails
   144 | D:1      | Reached XP level 2. HP: 27/27 MP: 1/1
   518 | D:2      | Found a faded altar of an unknown god.
   528 | D:2      | Reached skill level 4 in Maces & Flails
   528 | D:2      | Reached XP level 3. HP: 29/33 MP: 2/2
  1497 | D:3      | Found a shimmering blue altar of Sif Muna.
  1631 | D:3      | Reached skill level 5 in Maces & Flails
  1672 | D:3      | Reached XP level 4. HP: 40/40 MP: 3/3
  2083 | D:4      | Noticed a black bear
  2089 | D:4      | Killed a black bear
  2090 | D:4      | Reached skill level 6 in Maces & Flails
  2090 | D:4      | Reached XP level 5. HP: 30/46 MP: 4/4
  2234 | D:4      | Reached skill level 7 in Maces & Flails
  2634 | D:5      | Entered Level 5 of the Dungeon
  2828 | D:5      | Found Dahuasae's Book Boutique.
  2833 | D:5      | Reached XP level 6. HP: 47/52 MP: 5/5
  2980 | D:5      | Reached skill level 8 in Maces & Flails
  3106 | D:5      | Found a hazy altar of Hepliaklqana.
  3330 | D:6      | Noticed Dowan
  3331 | D:6      | Noticed Duvessa
  3331 | D:6      | Noticed Menkaure
  3344 | D:6      | Killed Duvessa
  3344 | D:6      | HP: 2/52 [Menkaure/nerve-wracking pain (9)]
  3344 | D:6      | Slain by Dowan

Vanquished Creatures
  Duvessa (D:6)
  2 black bears
  A bombardier beetle (D:5)
  A hound (D:5)
  7 adders
  2 ufetubi (D:5)
  6 orcs (D:3)
  7 ball pythons
  11 bats
  5 endoplasms
  3 giant cockroaches (D:4)
  8 goblins
  16 hobgoblins
  5 kobolds
  5 quokkas
  3 frilled lizards
  7 rats
90 creatures vanquished.
